 Dungeon Crawl Stone Soup version 0.30.1 (webtiles) character file.

Game seed: 12585962242735513222

2016 Graphine the Skirmisher (level 9, -1/68 HPs)
             Began as a Human Hunter on July 10, 2023.
             Was a Follower of Uskayaw.
             Slain by a wolf spider zombie (6 damage)
             ... on level 7 of the Dungeon.
             The game lasted 00:16:38 (6105 turns).

Graphine the Skirmisher (Human Hunter)              Turns: 6105, Time: 00:16:38

Health: -1/68      AC:  6    Str: 12    XL:     9   Next: 46%
Magic:  12/12      EV: 20    Int: 10    God:    Uskayaw [*.....]
Gold:   320        SH:  0    Dex: 20    Spells: 8/8 levels left

rFire   . . .        m - +3 sling
rCold   . . .        (no shield)
rNeg    + . .        c - +0 leather armour
rPois   .            x - +1 helmet
rElec   .            h - +0 cloak
rCorr   .            (no gloves)
SInv    .            (no boots)
Will    .....        j - amulet of regeneration
Stlth   ++           q - +5 ring of evasion
HPRegen 1.11/turn    r - ring of positive energy
MPRegen 0.13/turn

%: no passive effects
@: about to teleport
A: no striking features
a: Renounce Religion, Stomp


You were on level 7 of the Dungeon.
You worshipped Uskayaw.
Uskayaw was noncommittal.
You visited 1 branch of the dungeon, and saw 7 of its levels.
You also visited: Sewer.

You collected 320 gold pieces.

Inventory:

Hand Weapons
 a - a +0 shortbow
 e - a +4 mace of holy wrath
 i - a +2 short sword of venom
 m - a +3 sling (weapon)
 A - the +5 dagger "Ivit" {elec, Fragile rC+ rN+ Will+}
   (You found it on level 6 of the Dungeon)

   rC:        It protects you from cold.
   rN:        It protects you from negative energy.
   Fragile:   It will be destroyed if unequipped.
   Will:      It increases your willpower.
Armour
 c - a +0 leather armour (worn)
 h - a +0 cloak (worn)
 x - a +1 helmet (worn)
Magical Staves
 w - a staff of air
Jewellery
 j - an amulet of regeneration (around neck)
 q - a +5 ring of evasion (left hand)
 r - a ring of positive energy (right hand)
 y - a ring of fire
 B - a ring of protection from fire
Wands
 o - a wand of paralysis (3)
Scrolls
 n - 2 scrolls of poison
 p - 2 scrolls of teleportation
Potions
 d - a potion of might
 f - a potion of invisibility
 g - a potion of berserk rage
 k - 4 potions of curing
 l - a potion of magic
 s - a potion of cancellation
 t - a potion of heal wounds
 u - 5 potions of flight
 C - a potion of ambrosia


   Skills:
 + Level 5.4 Fighting
 * Level 8.3 Ranged Weapons
 + Level 3.3 Armour
 + Level 5.4 Dodging
 - Level 1.0 Stealth
 + Level 4.9 Invocations


You had 8 spell levels left.
You didn't know any spells.
Your spell library contained the following spells:

 Spells                   Type           Power      Damage    Failure   Level
 Apportation              Tloc           0%         N/A       43%         1
 Necrotise                Necr           0%         1d4       43%         1
 Summon Small Mammal      Summ           0%         N/A       43%         1
 Sublimation of Blood     Necr           0%         N/A       58%         2
 Wereblood                Tmut           0%         N/A       58%         2
 Portal Projectile        Hex/Tloc       0%         N/A       82%         3
 Tukima's Dance           Hex            0%         N/A       82%         3
 Passage of Golubria      Tloc           0%         N/A       99%         4
 Blade Hands              Tmut           0%         N/A       100%        5
 Iskenderun's Battlesphe  Conj           0%         2d6       100%        5
 Yara's Violent Unravell  Hex/Tmut       0%         3d3       100%        5
 Iron Shot                Conj/Erth      0%         9d1       100%        6
 Malign Gateway           Summ/Tloc      0%         N/A       100%        7
 Spellforged Servitor     Conj/Summ      0%         N/A       100%        7
 Summon Hydra             Summ           0%         N/A       100%        7
 Summon Horrible Things   Summ           0%         N/A       100%        8


Dungeon Overview and Level Annotations

Branches:
Dungeon (7/15)              Sewer (visited)
 Temple: D:4-7

Altars:
Hepliaklqana
Nemelex Xobeh
Uskayaw

Shops:
D:5 :


Message History

The wolf spider zombie is engulfed in blazing flames.
Flame seeps out of the wolf spider zombie.
Fire: m) +3 sling
Press: ? - help, Q - select action, (/) - cycle Shift-Dir - straight line, f/p - hellwing
Aim: a hellwing (inner flame, 69% to hit)
You shoot a sling bullet.
The sling bullet hits the hellwing but does no damage.
The hellwing hits you. The hellwing misses you.
The wolf spider zombie completely misses you.
The wolf spider zombie bites you.
Fire: m) +3 sling
Press: ? - help, Q - select action, (/) - cycle Shift-Dir - straight line, f/p - hellwing
Aim: a hellwing (inner flame, 69% to hit)
Okay, then.
As you read the scroll of teleportation, it crumbles to dust.
You feel strangely unstable. The hellwing barely misses you. x2
The wolf spider zombie hits you!
* * * LOW HITPOINT WARNING * * *
The wolf spider zombie misses you.
Fire: m) +3 sling
Press: ? - help, Q - select action, (/) - cycle Shift-Dir - straight line, f/p - hellwing
Aim: a hellwing (inner flame, 69% to hit)
Okay, then.
You feel better. The hellwing closely misses you. x2
The wolf spider zombie hits you but does no damage.
The wolf spider zombie completely misses you.
Fire: m) +3 sling
Press: ? - help, Q - select action, (/) - cycle Shift-Dir - straight line, f/p - hellwing
Aim: a hellwing (inner flame, 69% to hit)
You shoot a sling bullet. The sling bullet hits the hellwing.
Flame seeps out of the hellwing.
The hellwing is lightly wounded.
The wolf spider zombie misses you. The wolf spider zombie bites you.
The hellwing is engulfed in blazing flames.
Flame seeps out of the hellwing.
The hellwing hits you!
* * * LOW HITPOINT WARNING * * *
The hellwing completely misses you. The wolf spider zombie hits you!
* * * LOW HITPOINT WARNING * * *
The wolf spider zombie bites you.
You die...

#+####.....##.......######
...........##.......#
...?.......##########
.................
.................
.................
...........##....
#######.Z4.# ... #..@.# .
#....# #....# #....#
#....+ #....# ######


You could see a hellwing (inner flame) and a wolf spider zombie (inner flame).

Vanquished Creatures
  Grinder (D:5)
  Menkaure (D:5)
  2 ice beasts (D:6)
  A sky beast (D:6)
  2 ogres (D:5)
  3 centaurs
  A phantom (D:6)
  2 kobold brigands (D:6)
  A bullfrog (D:5)
  A scorpion (D:5)
  3 hounds
  Crazy Yiuf (D:5)
  A gnoll bouda (D:6)
  2 jellies
  Terence (D:3)
  An iguana (D:6)
  Natasha (twice) (D:3)
  4 orc wizards
  A sickly merfolk siren (Sewer)
  A malarious merfolk avatar (Sewer)
  7 adders
  3 gnolls (D:6)
  2 river rats (Sewer)
  2 shadow imps
  A white imp (D:6)
  An ufetubus (D:3)
  2 dart slugs (D:1)
  13 orcs
  8 ball pythons
  6 endoplasms
  6 giant cockroaches
  9 goblins
  3 hobgoblins
  5 jackals
  10 kobolds
  4 quokkas
  2 bats (D:3)
  8 frilled lizards
  21 rats
145 creatures vanquished.

Notes
Turn   | Place    | Note
-------+----------+-------------------------------------------
     0 | D:1      | Graphine the Human Hunter began the quest for the Orb.
     0 | D:1      | Reached XP level 1. HP: 16/16 MP: 1/1
    73 | D:1      | Reached XP level 2. HP: 22/22 MP: 2/2
   528 | D:1      | Found a faded altar of an unknown god.
   528 | D:1      | Noticed a Brimstone Fiend
   536 | D:1      | Prayed at the altar of an unknown god.
   536 | D:1      | Became a worshipper of Uskayaw the Reveller
   536 | D:1      | Reached * piety under Uskayaw
   668 | D:2      | Reached XP level 3. HP: 28/28 MP: 3/3
   728 | D:2      | Reached ** piety under Uskayaw
   929 | D:2      | Reached XP level 4. HP: 33/34 MP: 4/4
  1615 | D:3      | Noticed Natasha
  1618 | D:3      | Killed Natasha
  1619 | D:3      | Reached skill level 5 in Ranged Weapons
  1619 | D:3      | Reached skill level 1 in Invocations
  1662 | D:3      | Noticed Terence
  1692 | D:3      | Killed Terence
  1693 | D:3      | Reached XP level 5. HP: 28/40 MP: 5/5
  1862 | D:3      | Noticed Natasha
  1869 | D:3      | Reached *** piety under Uskayaw
  1870 | D:3      | Killed Natasha
  2396 | D:4      | Reached XP level 6. HP: 47/47 MP: 7/7
  2621 | D:4      | Found a glowing drain.
  2626 | Sewer    | Entered a sewer
  3364 | D:4      | Reached skill level 6 in Ranged Weapons
  3364 | D:4      | Reached XP level 7. HP: 52/52 MP: 8/8
  3434 | D:5      | Entered Level 5 of the Dungeon
  3493 | D:5      | Found a sparkling altar of Nemelex Xobeh.
  3873 | D:5      | Reached skill level 1 in Armour
  3873 | D:5      | Reached XP level 8. HP: 60/60 MP: 10/10
  3902 | D:5      | Noticed Grinder
  3916 | D:5      | Killed Grinder
  3917 | D:5      | Reached skill level 7 in Ranged Weapons
  3954 | D:5      | Noticed Menkaure
  3965 | D:5      | Killed Menkaure
  4007 | D:5      | Found a hazy altar of Hepliaklqana.
  4044 | D:5      | Found Anoseket's Tiny Tomes.
  4435 | D:5      | Found a runed translucent door.
  4436 | D:5      | Noticed Crazy Yiuf
  4446 | D:5      | Killed Crazy Yiuf
  4812 | D:6      | Reached **** piety under Uskayaw
  5057 | D:6      | Reached XP level 9. HP: 67/67 MP: 12/12
  5104 | D:6      | Reached skill level 5 in Fighting
  5104 | D:6      | Reached skill level 5 in Dodging
  5287 | D:6      | Reached skill level 8 in Ranged Weapons
  5310 | D:6      | Identified the +5 dagger "Ivit" {elec, Fragile rC+ rN+
                  | Will+}
  6068 | D:7      | Noticed a hellwing
  6071 | D:7      | Noticed a hellwing
  6105 | D:7      | Slain by a wolf spider zombie

Illustrated notes

Levels and vault maps discovered:
D:1:      shiori_arrival_oz, layout_basic,
          dreamdust_ecumenical_altar_sealed_demon
D:2:      layout_loops_ring
D:3:      layout_basic, dk_noncrumbling_3, uniq_natasha, uniq_terence
D:4:      layout_loops_ring, nicolae_overflow_hidden_temple,
          portal_sewer_entry_e
D:5:      layout_gridville, nicolae_hepliaklqana_hippocampus,
          nemelex_spade_bored_becter, nicolae_shop_i_like_small_books_too,
          skrybe_limestone_x, uniq_menkaure, uniq_grinder,
          uniq_crazy_yiuf_cottage
D:6:      cheibrodos_thug_alley, layout_basic
D:7:      cheibrodos_grave_circle, layout_gridville,
          minmay_temple_entry_sparse_star, serial_shops, shop,
          nicolae_shop_waterfront, shop, nicolae_shop_stone

Skill      XL: |  1  2  3  4  5  6  7  8  9 |
---------------+----------------------------+-----
Ranged Weapons | 5 6 7 8 |  8.3
Invocations    | 1 2 3 4 |  4.9
Fighting       | 3 4 5 |  5.4
Dodging        | 3 4 5 |  5.4
Armour         | 1 2 3 |  3.3
Stealth        | |  1.0

Action                     |  1- 3 |  4- 6 |  7- 9 || total
---------------------------+-------+-------+-------++-------
  Melee: Short sword       |     3 |       |    40 ||    43
         Punch             |       |       |     2 ||     2
   Fire: Shortbow          |    86 |     6 |       ||    92
         Sling             |       |   209 |   261 ||   470
 Invoke: Line Pass         |       |     1 |       ||     1
  Evoke: Wand              |       |     1 |     4 ||     5
    Use: Scroll            |     2 |     5 |    13 ||    20
         Potion            |       |     1 |     3 ||     4
   Stab: Paralysed         |       |       |     4 ||     4
 Armour: Leather armour    |    11 |    13 |    16 ||    40
  Dodge: Dodged            |    35 |    57 |   156 ||   248
